 Dungeon Crawl Stone Soup version 0.31-a0-200-gbc41564c69 (webtiles) character file.

Game seed: 14059409824629272365

58 qw the Shooter (level 3, -7/20 HPs)
             Began as a Deep Elf Hunter on June 25, 2023.
             Killed by divine providence
             ... invoked by an orc priest
              (13 damage)
             ... on level 2 of the Dungeon.
             The game lasted 00:00:32 (1130 turns).

qw the Shooter (Deep Elf Hunter)                    Turns: 1130, Time: 00:00:32

Health: -7/20      AC:  6    Str: 10    XL:     3   Next: 75%
Magic:  5/5        EV: 11    Int: 13    God:
Gold:   43         SH:  0    Dex: 18    Spells: 2/2 levels left

rFire   . . .        Y - +0 shortbow
rCold   . . .        (shield currently unavailable)
rNeg    . . .        d - +0 ring mail
rPois   .            (no helmet)
rElec   .            j - +0 cloak
rCorr   .            (no gloves)
SInv    .            (no boots)
Will    .....        (no amulet)
Stlth   +            (no ring)
HPRegen 0.23/turn    (no ring)
MPRegen 0.09/turn

%: no passive effects
@: no status effects
A: no striking features
a: no special abilities


You were on level 2 of the Dungeon.
You visited 1 branch of the dungeon, and saw 2 of its levels.

You collected 92 gold pieces.
You spent 49 gold pieces at shops.


   Skills:
 - Level 1.5 Fighting
 + Level 7.2 Ranged Weapons
 - Level 2.4 Dodging
 - Level 1.2 Stealth


You had 2 spell levels left.
You didn't know any spells.
Your spell library was empty.

Inventory:

Hand Weapons
 Y - a +0 shortbow (weapon)
Armour
 d - a +0 ring mail (worn)
 f - a +0 helmet
 j - a +0 cloak (worn)
Scrolls
 b - a scroll of fog {unknown}
 g - a scroll of identify
Potions
 a - a potion of heal wounds {unknown}
 c - a potion of cancellation {unknown}
 e - 3 potions of curing {unknown}

Dungeon Overview and Level Annotations

Branches:
Dungeon (2/15)

Altars:
Cheibriados

Shops:
D:2 [[[


Message History

g - a scroll of identify
Enter note:
Enter note:
Enter note:
Enter note: 2 orc priests and 4 orcs come into view.
An orc is wielding a +1 war axe of pain and wearing a +0 leather armour of willpower.
The orc priest shouts!
The orc shouts!
You hear a shout!
An orc wizard comes into view. It is wielding a +0 dagger.
The orc shouts!
Enter note:
Enter note:
Enter note:
Enter note:
1122 ||| Stepping ~*~*~tactically~*~*~ (outnumbered).
You hear a shout!
The orc shouts! x2
1124 ||| Stepping ~*~*~tactically~*~*~ (outnumbered).
The orc completely misses you.
The orc priest begins to cast a cantrip, but forgets the words!
You shoot an arrow. The arrow completely misses the orc.
The arrow barely misses the orc. x2
The orc closely misses you. The orc barely misses you.
The orc hits you with a +0 flail.
1127 ||| Stepping ~*~*~tactically~*~*~ (outnumbered).
You shoot an arrow. The arrow hits the orc priest.
The orc priest is lightly wounded.
The orc priest barely misses you.
You shoot an arrow. The arrow hits the orc priest!
The orc priest is heavily wounded.
The orc priest mumbles some strange prayers to Beogh against you.
Beogh smites you!
Ouch! That really hurt!
You shoot an arrow. The arrow hits the orc priest.
The orc priest is severely wounded.
The orc priest hits you but does no damage.
The orc priest invokes the aid of Beogh against you.
Beogh smites you!
Ouch! That really hurt!
You die...

#.##..#..# #.#.#
..##.###.#####.#.# ....##
##......#.#.......
.###.###.#####.#.#.......
.# #..#..........#.......
.###...>.#####...#.......
........<........#.oo....
.#######.........#oo.....
.# #..>.....@#oo..... ..
#.........oooo.... .##
#/.....:.####...## .#
#.............### .#
#..\....#####.> .#
#......##.# ............#
#############


You could see 2 orc priests, an orc wizard and an orc.

Vanquished Creatures
  2 adders
  A dart slug (D:1)
  3 ball pythons
  4 bats
  An endoplasm (D:1)
  2 giant cockroaches (D:1)
  A goblin (D:1)
  5 hobgoblins
  4 jackals (D:1)
  2 quokkas (D:1)
  5 frilled lizards
  4 kobolds
  A rat (D:2)
35 creatures vanquished.

Notes
Turn   | Place    | Note
-------+----------+-------------------------------------------
     0 | D:1      | qw the Deep Elf Hunter began the quest for the Orb.
     0 | D:1      | Reached XP level 1. HP: 12/12 MP: 3/3
     0 | D:1      | 0 ||| qw: Version: 0.3-a-22-g0ed2b0b
     0 | D:1      | 0 ||| qw: Game counter: 5652
     0 | D:1      | 0 ||| qw: Melee chars always use a shield: true
     0 | D:1      | 0 ||| qw: God list: Okawaru
     0 | D:1      | 0 ||| qw: Allow faded altars: false
     0 | D:1      | 0 ||| qw: Do Orc after clearing Dungeon:15 true
     0 | D:1      | 0 ||| qw: Do second Lair branch before Depths: true
     0 | D:1      | 0 ||| qw: Lair rune preference: random
     0 | D:1      | 0 ||| qw: Goals: Normal
     0 | D:1      | 0 ||| PLANNING D:1-11
    76 | D:1      | Reached XP level 2. HP: 14/16 MP: 4/4
   117 | D:1      | Reached skill level 6 in Ranged Weapons
   380 | D:1      | 380 ||| FLEEEEING.
   447 | D:1      | 447 ||| Stepping ~*~*~tactically~*~*~ (outnumbered).
   451 | D:1      | 451 ||| FLEEEEING.
   452 | D:1      | 452 ||| FLEEEEING.
   453 | D:1      | 453 ||| FLEEEEING.
   454 | D:1      | 454 ||| FLEEEEING.
   456 | D:1      | 456 ||| FLEEEEING.
   457 | D:1      | 457 ||| FLEEEEING.
   458 | D:1      | 458 ||| FLEEEEING.
   512 | D:1      | Reached XP level 3. HP: 20/20 MP: 5/5
   696 | D:1      | 696 ||| UPGRADING to +0 ring mail.
   706 | D:1      | 706 ||| DROPPING +0 leather armour.
   707 | D:1      | 707 ||| UPGRADING to +0 cloak.
   712 | D:1      | 712 ||| READING scroll labelled LEAFIO NUXECO.
   713 | D:1      | 713 ||| READING scroll labelled XOUKHL TOVEIWK.
   714 | D:1      | 714 ||| READING scroll labelled SYTUDI BOGUNG.
   715 | D:1      | 715 ||| READING scroll labelled ZOUX GEATUOHE.
   716 | D:1      | 716 ||| DROPPING scroll of butterflies.
   737 | D:2      | 737 ||| STAIRDANCE
   752 | D:2      | Reached skill level 7 in Ranged Weapons
   898 | D:2      | Found Ovvaric's Antique Armour Emporium.
   906 | D:2      | 906 ||| SHOPLISTING embroidered cloak (225 gold, have 38).
   906 | D:2      | 906 ||| SHOPLISTING pair of boots (135 gold, have 38).
   912 | D:2      | Found a snail-covered altar of Cheibriados.
   994 | D:2      | Found Boabar's Antique Armour Boutique.
  1002 | D:2      | 1002 ||| SHOPLISTING glowing robe (81 gold, have 49).
  1002 | D:2      | 1002 ||| SHOPLISTING scorched cloak (209 gold, have 49).
  1100 | D:2      | Found Vayzxemi's Armour Shop.
  1109 | D:2      | 1109 ||| BUYING +0 helmet (49 gold).
  1109 | D:2      | Bought a +0 helmet for 49 gold pieces
  1109 | D:2      | 1109 ||| SHOPLISTING +1 scale mail of cold resistance (176
                  | gold, have 29).
  1109 | D:2      | 1109 ||| SHOPLISTING +3 leather armour of Lesser Demons
                  | {Str+2} (310 gold, have 29).
  1122 | D:2      | 1122 ||| Stepping ~*~*~tactically~*~*~ (outnumbered).
  1124 | D:2      | 1124 ||| Stepping ~*~*~tactically~*~*~ (outnumbered).
  1127 | D:2      | 1127 ||| Stepping ~*~*~tactically~*~*~ (outnumbered).
  1129 | D:2      | HP: 5/20 [orc priest/divine providence (11)]
  1130 | D:2      | Killed from afar by an orc priest

Levels and vault maps discovered:
D:1:      minmay_arrival_up_and_down, layout_basic
D:2:      cheibrodos_pilgrimage, layout_loops_ring, serial_shops,
          nicolae_shop_rolling_square, shop, shop, nicolae_lakefront_shop,
          basic_altar

Skill      XL: |  1  2  3 |
---------------+----------+-----
Ranged Weapons | 6 7 |  7.2
Fighting       | |  1.5
Dodging        | |  2.4
Stealth        | |  1.2

Action                     || total
---------------------------++-------
   Fire: Shortbow          ||   105
    Use: Scroll            ||     4
 Armour: Leather armour    ||     7
         Ring mail         ||     9
  Dodge: Dodged            ||    36

Table legend:
 A = Non-vault XP
 B = Vault XP
 C = Vault XP percentage of total XP
 D = Non-vault monster count
 E = Vault monster count
 F = Vault count percentage of total count
                 A         B        C        D         E       F
            +---------+---------+-------+---------+---------+-------
      Total |      83 |       0 |   0.0 |      35 |       0 |   0.0
            +---------+---------+-------+---------+---------+-------
        D:1 |      62 |       0 |   0.0 |      28 |       0 |   0.0
        D:2 |      21 |       0 |   0.0 |       7 |       0 |   0.0
            +---------+---------+-------+---------+---------+-------
